 Dungeon Crawl Stone Soup version 0.31-a0-38-g1548c4f2a5 (webtiles) character file.

Game seed: 10790229575731325419

371 pokeman the Magician (level 6, 0/34 HPs)
             Began as a Deep Elf Hedge Wizard on May 16, 2023.
             Succumbed to a kobold brigand's curare-tipped dart
             ... in a sewer.
             The game lasted 00:05:42 (2832 turns).

pokeman the Magician (Deep Elf Hedge Wizard)        Turns: 2832, Time: 00:05:42

Health: 0/34       AC:  3    Str:  7    XL:     6   Next: 42%
Magic:  15/16      EV: 12    Int: 21    God:
Gold:   60         SH:  0    Dex: 14    Spells: 8/16 levels left

rFire   . . .        o - +1 dagger (elec)
rCold   . . .        (no shield)
rNeg    . . .        b - +0 robe
rPois   .            c - +0 hat
rElec   .            (no cloak)
rCorr   .            (no gloves)
SInv    .            n - +0 pair of boots
Will    .....        (no amulet)
Stlth   +            (no ring)
HPRegen 0.25/turn    (no ring)
MPRegen 0.15/turn

%: no passive effects
@: brilliant, lethally poisoned (0 -> -5), very slow
A: no striking features
a: no special abilities


You were in a sewer.
You visited 1 branch of the dungeon, and saw 3 of its levels.
You also visited: Sewer.

You collected 60 gold pieces.

Inventory:

Hand Weapons
 o - a +1 dagger of electrocution (weapon)
Armour
 b - a +0 robe (worn)
 c - a +0 hat (worn)
 n - a +0 pair of boots (worn)
Jewellery
 l - an amulet of faith
Wands
 p - a wand of digging (4)
Scrolls
 a - a scroll of noise {unknown}
 e - 7 scrolls of identify {unknown}
 f - a scroll of magic mapping {unknown}
 g - 2 scrolls of fear {unknown}
 k - 2 scrolls of poison {unknown}
 m - a scroll of immolation {unknown}
Potions
 d - a potion of magic
 h - a potion of cancellation
 i - 2 potions of brilliance
 j - a potion of haste {unknown}
 q - 2 potions of might {unknown}


   Skills:
 - Level 1.1 Fighting
 - Level 1.0 Armour
 + Level 2.7 Dodging
 + Level 2.8 Stealth
 * Level 5.9 Spellcasting
 + Level 5.5 Conjurations
 - Level 1.1 Summonings
 - Level 1.1 Translocations


You had 8 spell levels left.
You knew the following spells:

 Your Spells              Type           Power      Damage    Failure   Level
a - Magic Dart            Conj           100%       1d8       1%          1
b - Mephitic Cloud        Conj/Pois/Air  21%        N/A       14%         3
c - Call Imp              Summ           32%        N/A       10%         2
d - Blink                 Tloc           32%        N/A       10%         2

Your spell library contained the following spells:

 Spells                   Type           Power      Damage    Failure   Level
 Slow                     Hex            36%        N/A       10%         1
 Cigotuvi's Dreadful Rot  Necr/Pois/Air  18%        N/A       16%         2
 Poisonous Vapours        Pois/Air       18%        N/A       16%         2
 Freezing Cloud           Conj/Ice/Air   10%        6-21      77%         5


Dungeon Overview and Level Annotations

Branches:
Dungeon (3/15)              Sewer (1/1)

Altars:
Fedhas


Message History

Press: ? - help, Shift-Dir - straight line, f - kobold
Aim: a kobold, wielding a +0 dagger (100% to hit)
The magic dart hits the kobold.
You kill the kobold!
Casting: Magic Dart (safe; 1% risk of failure)
Confirm with . or Enter, or press ? or * to list all spells.
Aiming: Magic Dart (safe; 1% risk of failure)
Press: ? - help, Shift-Dir - straight line, f - kobold brigand
Aim: a kobold brigand, wielding a +0 short sword and quivering curare-tipped darts (100% to hit)
Okay, then.
Unknown command.
Unknown command.
The kobold brigand throws a curare-tipped dart.
The curare-tipped dart hits you.
You are poisoned.
You have difficulty breathing.
You feel yourself slow down.
You enter the shallow water.
Moving in this stuff is going to be slow.
You feel very sick.
You feel very sick.
The kobold brigand throws a curare-tipped dart.
The curare-tipped dart barely misses you.
The kobold brigand throws a curare-tipped dart.
The curare-tipped dart hits you.
You are more poisoned.
You have difficulty breathing.
* * * LOW HITPOINT WARNING * * *
You feel as though you will be slow longer.
Okay, then.
* * * LOW HITPOINT WARNING * * *
You feel very sick.
It was a potion of cancellation.
Your magical effects are unravelling.
You feel magically purged.
You feel yourself speed up.
* * * LOW HITPOINT WARNING * * *
You feel sick.
It was a potion of brilliance.
You feel clever all of a sudden.
You die...

#...~.~.# #.~~~K..#
#~~≈≈≈~~# #.~≈≈≈~.#
#~~≈≈≈~~# #.~~≈~~~#
#.~~≈~..#
#~.~≈~~~##################
#~.~≈~~~~@~~~~~~~~~~~~~~~~
#.~~≈~.~##################
##.~≈~~## #.~≈~.#
###.~≈≈~# #∩..~≈~.#
###.~≈~.# #.~≈~.# ##~≈~##


There were no monsters in sight!

Vanquished Creatures
  Sigmund (D:2)
  Jessica (D:2)
  Ijyb (D:3)
  A river rat (Sewer)
  3 adders
  4 gnolls (D:2)
  2 worms (D:3)
  2 dart slugs
  An orc (D:3)
  4 bats
  7 endoplasms
  4 giant cockroaches
  6 goblins
  5 hobgoblins
  3 jackals (D:2)
  2 quokkas
  5 ball pythons
  5 frilled lizards (D:1)
  3 kobolds
  12 rats
72 creatures vanquished.

Vanquished Creatures (collateral kills)
  A jackal (D:2)
1 creature vanquished.

Grand Total: 73 creatures vanquished

Notes
Turn   | Place    | Note
-------+----------+-------------------------------------------
     0 | D:1      | pokeman the Deep Elf Hedge Wizard began the quest for the
                  | Orb.
     0 | D:1      | Reached XP level 1. HP: 10/10 MP: 7/7
   228 | D:1      | Reached XP level 2. HP: 14/16 MP: 1/9
   775 | D:1      | Reached skill level 5 in Spellcasting
   961 | D:1      | Reached XP level 3. HP: 20/20 MP: 5/11
   965 | D:1      | Learned a level 3 spell: Mephitic Cloud
   968 | D:1      | Learned a level 2 spell: Call Imp
   971 | D:1      | Learned a level 2 spell: Blink
  1385 | D:2      | Noticed Sigmund
  1409 | D:2      | Killed Sigmund
  1410 | D:2      | Reached skill level 5 in Conjurations
  1410 | D:2      | Reached XP level 4. HP: 9/24 MP: 8/13
  1410 | D:2      | Reached XP level 5. HP: 10/28 MP: 8/14
  1768 | D:2      | Reached skill level 1 in Fighting
  1824 | D:2      | Reached skill level 1 in Armour
  1854 | D:2      | Reached XP level 6. HP: 34/34 MP: 3/16
  2156 | D:2      | Found a blossoming altar of Fedhas.
  2278 | D:2      | Noticed Jessica
  2284 | D:2      | Killed Jessica
  2585 | D:3      | Noticed Ijyb
  2608 | D:3      | Killed Ijyb
  2706 | D:3      | Found a glowing drain.
  2710 | Sewer    | Entered a sewer
  2832 | Sewer    | Succumbed to a kobold brigand's curare-tipped dart

Illustrated notes

Levels and vault maps discovered:
D:1:      minmay_arrival_radiant_lines, layout_loops_ring
D:2:      layout_rooms, basic_altar, nicolae_hexahallways, uniq_jessica,
          uniq_sigmund
D:3:      layout_rooms, gup_sewer_entry_bowl, grunt_decor_cap,
          kennysheep_flooded_box, uniq_ijyb
Sewer:    sewer_kobolds

Skill      XL: |  1  2  3  4  5 |
---------------+----------------+-----
Spellcasting   | 5 |  5.9
Conjurations   | 5 |  5.5
Fighting       | 1 |  1.1
Armour         | 1 |  1.0
Dodging        | |  2.7
Stealth        | |  2.8
Summonings     | |  1.1
Translocations | |  1.1

Action                     |  1- 3 |  4- 6 || total
---------------------------+-------+-------++-------
  Melee: Dagger            |    22 |    40 ||    62
   Cast: Magic Dart        |    73 |    66 ||   139
         Mephitic Cloud    |     2 |     4 ||     6
         Call Imp          |       |     2 ||     2
         Blink             |       |     1 ||     1
    Use: Potion            |       |     2 ||     2
   Stab: Confused          |     1 |     2 ||     3
         Sleeping          |       |     1 ||     1
 Armour: Robe              |     5 |    14 ||    19
  Dodge: Dodged            |     9 |    46 ||    55

Table legend: (Time is in decaauts)
 A = Elapsed time spent in this place.
 B = Non-inter-level travel time spent in this place.
 C = Inter-level travel time spent in this place.
 D = Time resting spent in this place.
 E = Time spent auto-exploring this place.
 F = Levels seen in this place.
 G = Mean time per level.
                   A        B        C        D        E       F      G
               +--------+--------+--------+--------+--------+-----+--------+
         Total |   2856 |   2810 |     46 |     41 |   2230 |   4 |  714.0 |
       Dungeon |   2713 |   2667 |     46 |     41 |   2112 |   3 |  904.3 |
         Sewer |    143 |    143 |      0 |      0 |    118 |   1 |  143.0 |
               +--------+--------+--------+--------+--------+-----+--------+

Top non-repeatable levels by time:
     D:2: 1266 daAuts
     D:1: 1234 daAuts
     D:3: 213 daAuts
   Sewer: 143 daAuts
